 Dungeon Crawl Stone Soup version 0.19-a0-1057-g15bb84d (webtiles) character file.

872 poirepourri the Thaumaturge (level 7, -3/37 HPs)
             Began as a Deep Elf Conjurer on Aug 2, 2016.
             Slain by an orc warrior
             ... wielding a +0 dire flail
              (23 damage)
             ... on level 7 of the Dungeon.
             The game lasted 00:09:01 (5701 turns).

poirepourri the Thaumaturge (Deep Elf Conjurer)     Turns: 5701, Time: 00:09:02

Health: -3/37      AC:  4    Str:  3 (5)  XL:     7   Next: 74%
Magic:  10/22      EV: 13    Int: 21 (22) God:
Gold:   97         SH:  0    Dex: 14 (15) Spells: 6 memorised, 6 levels left

rFire  . . .     SeeInvis .     e - +1 short sword (elec)
rCold  . . .     Gourm    .     a - +0 robe
rNeg   + . .     Faith    .     (no shield)
rPois  +         Spirit   .     (no helmet)
rElec  .         Dismiss  .     (no cloak)
rCorr  .         Reflect  .     f - +1 pair of gloves
SustAt .         Harm     .     (no boots)
MR     .....                    (no amulet)
Stlth  ++........               p - ring of poison resistance
                                g - ring of positive energy

@: not resistant to hostile enchantments, unstealthy
A: no striking features
a: no special abilities


You were on level 7 of the Dungeon.
You were full.

You visited 1 branch of the dungeon, and saw 5 of its levels.

You collected 97 gold pieces.

Inventory:

Hand Weapons
 d - a +1 short sword
 e - a +1 short sword of electrocution (weapon)
Armour
 a - a +0 robe (worn)
 f - a +1 pair of gloves (worn)
 t - a cursed +0 buckler
Jewellery
 g - a ring of positive energy (left hand)
 o - a cursed ring of ice {unknown}
 p - a ring of poison resistance (right hand)
Wands
 c - a wand of polymorph (15/24)
 s - a wand of flame (48/48)
Scrolls
 m - 2 scrolls of remove curse
Books
 b - a book of Conjurations

   Spells                             Type                      Level
   a - Magic Dart                     Conjuration                  1
   b - Searing Ray                    Conjuration                  2
   c - Dazzling Spray                 Conjuration/Hexes            3
   d - Fulminant Prism                Conjuration/Hexes            4
   e - Iskenderun's Mystic Blast      Conjuration                  4
   f - Iskenderun's Battlesphere      Conjuration/Charms           5
 q - a book of the Earth

   Spells                             Type                      Level
   a - Leda's Liquefaction            Hexes/Earth                  4
   b - Bolt of Magma                  Conjuration/Fire/Earth       5
   c - Statue Form                    Transmutation/Earth          6
   d - Iron Shot                      Conjuration/Earth            6
   e - Shatter                        Earth                        9


   Skills:
 + Level 0.5 Fighting
 - Level 2.4 Dodging
 - Level 2.4 Stealth
 * Level 9.6 Spellcasting
 + Level 7.2 Conjurations


You had 6 spell levels left.
You knew the following spells:

 Your Spells              Type           Power        Failure   Level  Hunger
a - Magic Dart            Conj           ####         1%          1    None
b - Searing Ray           Conj           #####.       1%          2    None
c - Dazzling Spray        Conj/Hex       ####..       4%          3    None
d - Fulminant Prism       Conj/Hex       ####......   17%         4    ##.....
e - Iskenderun's Mystic   Conj           #####...     3%          4    ##.....
f - Iskenderun's Battles  Conj/Chrm      ####....     41%         5    ####...


Dungeon Overview and Level Annotations

Branches:
Dungeon (4/15)
 Temple: D:4-7

Altars:
Makhleb
Pakellas
Qazlal
Sif Muna
Xom


Message History

The orc warrior hits you with a dire flail!
Casting: Dazzling Spray
Confirm with . or Enter, or press ? or * to list all spells.
Aiming: Dazzling Spray
Press: ? - help, Shift-Dir - straight line, f/p - orc warrior
Aim: an orc warrior, wielding a dire flail and wearing a chain mail (moderately wounded)
The spray of energy hits the orc warrior.
The orc warrior is moderately wounded.
The orc warrior hits you with a dire flail. 2 orcs come into view.
Casting: Dazzling Spray
Confirm with . or Enter, or press ? or * to list all spells.
Aiming: Dazzling Spray
Press: ? - help, Shift-Dir - straight line, f/p - orc warrior
Aim: an orc warrior, wielding a dire flail and wearing a chain mail (moderately wounded)
The spray of energy hits the orc warrior.
The orc warrior is moderately wounded.
The orc warrior hits you with a dire flail!!
Ouch! That really hurt!
You die...

#. #... .... #.#####...
#... #...#....#####..#
#..............#
#..#.#.........#
#............)# # .
#.#.#.........##.#....
#.............@o.o..oo
#####.........###...#.###
#.........# .#...
#.........# # ####.####
#.........# #. ......)
#.........# #.############
###.######.#
#%............ #....#
#..################
#.##.###....)....).......#
.


You could see an orc warrior, an orc wizard and 2 orcs.

Vanquished Creatures
  A sky beast (D:7)
  2 orc warriors (D:7)
  A wasp (D:7)
  Blork the orc (D:4)
  A hound (D:7)
  3 orc wizards
  2 orc priests
  An iguana (D:7)
  2 worker ants
  A gnoll (D:3)
  7 adders
  A shadow imp (D:7)
  3 worms
  2 dart slugs (D:1)
  2 giant geckos
  17 orcs
  6 bats
  A giant cockroach (D:3)
  12 hobgoblins
  2 jackals (D:2)
  4 kobolds
  2 quokkas
  3 giant newts
  10 goblins
  A quokka skeleton (D:4)
  5 rats (D:1)
93 creatures vanquished.

Vanquished Creatures (others)
  2 fulminant prisms (D:7)
2 creatures vanquished.

Grand Total: 95 creatures vanquished

Notes
Turn   | Place    | Note
-------+----------+-------------------------------------------
     0 | D:1      | poirepourri the Deep Elf Conjurer began the quest for the Orb.
     0 | D:1      | Reached XP level 1. HP: 10/10 MP: 6/6
   230 | D:1      | Reached XP level 2. HP: 8/15 MP: 1/8
   457 | D:1      | Learned a level 2 spell: Searing Ray
   510 | D:1      | Reached skill level 5 in Conjurations
  1078 | D:2      | Reached XP level 3. HP: 19/19 MP: 7/10
  1190 | D:2      | Found a faded altar of an unknown god.
  1345 | D:2      | Found a stormy altar of Qazlal.
  1711 | D:3      | Reached skill level 4 in Spellcasting
  1826 | D:3      | Found a shimmering altar of Xom.
  1828 | D:3      | Found a deep blue altar of Sif Muna.
  1884 | D:3      | Reached XP level 4. HP: 24/24 MP: 2/12
  2162 | D:3      | Found a burning altar of Makhleb.
  2182 | D:3      | Found an oddly glowing altar of Pakellas.
  2601 | D:3      | Reached skill level 5 in Spellcasting
  2611 | D:3      | Reached XP level 5. HP: 16/28 MP: 6/14
  3201 | D:4      | Noticed Blork the orc
  3243 | D:4      | Learned a level 3 spell: Dazzling Spray
  3250 | D:4      | Learned a level 4 spell: Fulminant Prism
  3255 | D:4      | Learned a level 4 spell: Iskenderun's Mystic Blast
  3263 | D:4      | Killed Blork the orc
  3263 | D:4      | Reached skill level 6 in Spellcasting
  3527 | D:4      | Reached XP level 6. HP: 23/32 MP: 12/17
  3608 | D:4      | Reached skill level 7 in Spellcasting
  3780 | D:4      | You fall through a shaft for 3 floors!
  3780 | D:7      | Noticed an orc warrior
  3802 | D:7      | Killed an orc warrior
  4076 | D:7      | Noticed an orc warrior
  4168 | D:7      | Learned a level 5 spell: Iskenderun's Battlesphere
  4292 | D:7      | Reached skill level 8 in Spellcasting
  4434 | D:7      | Reached XP level 7. HP: 9/36 MP: 11/20
  5307 | D:7      | Reached skill level 9 in Spellcasting
  5701 | D:7      | Slain by an orc warrior

Vault maps used:
D:1:      lightli_arrival_lavapool
D:2:      nicolae_qazlal_general_emergency, ecumenical_altar_2
D:3:      johnstein_pakellas_death_squad, nicolae_overflow_hidden_temple,
          bloody_makhleb
D:4:      uniq_blork_the_orc
D:7:      enter_bailey_3, serial_co_window_serial, co_window_paths_a,
          co_window_of_opportunity_a, co_window_paths_a, co_window_paths_b,
          co_window_paths_a, co_window_corner_a, co_window_corner_a,
          co_window_corner_b, co_window_corner_b, co_window_of_opportunity_c,
          co_window_cross_3, co_window_broadway_c, co_window_broadway_b,
          co_window_paths_e, glass_columns_a, glass_columns_a

Skill      XL: |  1  2  3  4  5  6  7 |
---------------+----------------------+-----
Conjurations   | 5 6 7 |  7.2
Spellcasting   | 4 5 6 8 9 |  9.6
Fighting       | |  0.5
Dodging        | |  2.4
Stealth        | |  2.4

Action                   |  1- 3 |  4- 6 |  7- 9 || total
-------------------------+-------+-------+-------++-------
Melee: Short sword       |       |       |     4 ||     4
 Cast: Magic Dart        |    76 |   101 |    29 ||   206
       Searing Ray       |     2 |    10 |     1 ||    13
       Dazzling Spray    |       |       |     5 ||     5
       Fulminant Prism   |       |       |     2 ||     2
  Use: Scroll            |    11 |     7 |       ||    18
       Potion            |       |     6 |     5 ||    11
  Eat: Bread ration      |     1 |     1 |     1 ||     3
       Royal jelly       |     1 |       |       ||     1
       Meat ration       |       |     1 |       ||     1
Armor: Robe              |     2 |     3 |       ||     5
Dodge: Dodged            |     8 |    31 |     7 ||    46
